 Dungeon Crawl Stone Soup version 0.29.1-13-g9f3cf754e1 (webtiles) character file.

Game seed: 8835814882475285403

261750 vaultlich the Devastator (level 19, -13/143 HPs)
             Began as a Grey Draconian Conjurer on Jan 24, 2023.
             Was a High Priest of Sif Muna.
             Killed from afar by a tengu reaver (59 damage)
             ... with a bolt of cold
             ... on level 1 of the Depths on Jan 29, 2023.
             The game lasted 06:41:26 (60949 turns).

vaultlich the Devastator (Grey Draconian Conjurer) Turns: 60949, Time: 06:41:27

Health: -13/143    AC: 26    Str: 15    XL:     19   Next: 20%
Magic:  7/37       EV: 15    Int: 24    God:    Sif Muna [*****.]
Gold:   2503       SH:  0    Dex: 14    Spells: 7/46 levels left

rFire   . . .      SeeInvis .   W - staff of conjuration
rCold   . . .      Faith    +   (no shield)
rNeg    + . .      Spirit   .   (body armour unavailable)
rPois   +          Reflect  .   S - +2 hat {Stlth+}
rElec   +          Harm     .   V - +2 cloak
rCorr   .          Rampage  .   X - +2 pair of gloves {Dex+3}
Will    +....      Clarity  +   Z - +2 pair of boots {Stlth+}
Stlth   ++++++++..              T - amulet "Cusoh" {Faith rElec rN+ Str+4}
HPRegen 0.33/turn               U - ring of Xuablax {rPois Stlth+}
MPRegen 0.25/turn               (no ring)

@: no status effects
A: AC +15, amphibious, unfitting armour, cold-blooded, talons 1, camouflage 1,
clarity, wild magic 1
}: 2/15 runes: decaying, gossamer
a: Renounce Religion, Channel Magic, Forget Spell, Divine Exegesis


You were on level 1 of the Depths.
You worshipped Sif Muna.
Sif Muna was extremely pleased with you.
You visited 8 branches of the dungeon, and saw 33 of its levels.
You visited 1 bazaar.
You also visited: Sewer.

You collected 3389 gold pieces.
You spent 886 gold pieces at shops.

Inventory:

Hand Weapons
 a - the +7 spear "Qiliy" {spect, Contam rElec Dex+3 Stlth+}
   (You took it off a gnoll on level 3 of the Dungeon)

   When its wielder attacks, the weapon's spirit leaps out and strikes again.
   The spirit shares a part of any damage it takes with its wielder.
   Dex:       It affects your dexterity (+3).
   rElec:     It insulates you from electricity.
   Contam:    It causes magical contamination when unequipped.
   Stlth:     It makes you more stealthy.
 x - a +3 quick blade of chaos
Missiles
 q - 5 throwing nets
Armour
 S - a +2 hat of stealth (worn)
 V - a +2 cloak (worn)
 X - a +2 pair of gloves of dexterity (worn)
 Z - a +2 pair of boots of stealth (worn)
Magical Staves
 W - a staff of conjuration (weapon)
Jewellery
 c - a ring of willpower
 f - an amulet of reflection
 T - the amulet "Cusoh" (around neck) {Faith rElec rN+ Str+4}
   (You found it on level 9 of the Dungeon)

   [amulet of faith]

   It allows you to gain divine favour quickly.
   Str:       It affects your strength (+4).
   rElec:     It insulates you from electricity.
   rN:        It protects you from negative energy.
 U - the ring of Xuablax (left hand) {rPois Stlth+}
   (You found it on level 10 of the Dungeon)

   [ring of poison resistance]

   rPois:     It protects you from poison.
   Stlth:     It makes you more stealthy.
Wands
 I - a wand of polymorph (13)
 J - a wand of mindburst (37)
 O - a wand of roots (28)
 Q - a wand of charming (26)
 R - a wand of flame (24)
Scrolls
 b - a scroll of poison
 d - 6 scrolls of magic mapping
 e - 3 scrolls of brand weapon
 h - 5 scrolls of teleportation
 i - 12 scrolls of identify
 l - 2 scrolls of blinking
 s - 4 scrolls of butterflies
 B - a scroll of enchant armour
 D - 3 scrolls of enchant weapon
 H - a scroll of fear
 N - 2 scrolls of amnesia
 Y - 3 scrolls of silence
Potions
 g - 3 potions of berserk rage
 j - 6 potions of ambrosia
 k - 11 potions of flight
 m - 4 potions of invisibility
 p - 15 potions of curing
 u - 4 potions of lignification
 z - 4 potions of resistance
 A - 2 potions of might
 F - 6 potions of haste
 G - a potion of heal wounds
 M - 2 potions of brilliance


   Skills:
 - Level 6.7 Fighting
 - Level 8.1 Staves
 - Level 7.3 Dodging
 - Level 8.9 Stealth
 + Level 14.4 Spellcasting
 + Level 16.2 Conjurations
 - Level 10.0 Translocations
 + Level 13.7 Fire Magic
 - Level 6.9 Ice Magic
 + Level 13.6 Earth Magic
 - Level 9.3 Invocations


You had 7 spell levels left.
You knew the following spells:

 Your Spells              Type           Power      Damage    Failure   Level
a - Fireball              Conj/Fire      54%        3d21      1%          5
b - Iron Shot             Conj/Erth      54%        9d10      2%          6
c - Passwall              Tmut/Erth      50%        N/A       1%          2
d - Iskenderun's Mystic   Conj/Tloc      100%       2d19      1%          4
e - Stone Arrow           Conj/Erth      100%       3d13      1%          3
f - Hailstorm             Conj/Ice       97%        3d19      1%          4
g - Frozen Ramparts       Ice            100%       1d16      1%          3
h - Gell's Gravitas       Tloc           71%        N/A       1%          3
i - Flame Wave            Conj/Fire      100%       2d21      1%          4
j - Iskenderun's Battles  Conj           100%       2d15      1%          5

Your spell library contained the following spells:

 Spells                   Type           Power      Damage    Failure   Level
 Apportation              Tloc           100%       N/A       1%          1
 Foxfire                  Conj/Fire      100%       2x1d9     1%          1
 Freeze                   Ice            100%       1d11      1%          1
 Magic Dart               Conj           100%       1d8       1%          1
 Sandblast                Erth           100%       2d20      1%          1
 Shock                    Conj/Air       100%       1d9       1%          1
 Scorch                   Fire           100%       2d10      1%          2
 Searing Ray              Conj           100%       2d8       1%          2
 Conjure Flame            Conj/Fire      100%       6-21      1%          3
 Dazzling Flash           Conj/Hex       100%       N/A       1%          3
 Inner Flame              Hex/Fire       60%        N/A       1%          3
 Ozocubu's Armour         Ice            60%        N/A       1%          3
 Teleport Other           Tloc           71%        N/A       1%          3
 Passage of Golubria      Tloc           71%        N/A       1%          4
 Sticky Flame             Conj/Fire      100%       2d11      1%          4
 Lee's Rapid Deconstruct  Erth           41%        3d21*     1%          5
 Ensorcelled Hibernation  Hex/Ice        88%        N/A       2%          2
 Mephitic Cloud           Conj/Pois/Air  71%        N/A       2%          3
 Portal Projectile        Hex/Tloc       100%       N/A       2%          3
 Fulminant Prism          Conj/Hex       41%        3d20      2%          4
 Starburst                Conj/Fire      54%        6d15      2%          6
 Ignite Poison            Fire/Tmut/Pois 50%        N/A       3%          3
 Leda's Liquefaction      Hex/Erth       30%        N/A       3%          4
 Petrify                  Tmut/Erth      60%        N/A       3%          4
 Beastly Appendage        Tmut           44%        N/A       5%          1
 Necrotise                Necr           88%        1d8       5%          1
 Slow                     Hex            88%        N/A       5%          1
 Sting                    Tmut/Pois      88%        1d7       5%          1
 Summon Small Mammal      Summ           88%        N/A       5%          1
 Irradiate                Conj/Tmut      41%        3d25      5%          5
 Freezing Cloud           Conj/Ice/Air   41%        6-21      6%          5
 Orb of Destruction       Conj           56%        9d14      6%          7
 Call Imp                 Summ           22%        N/A       8%          2
 Poisonous Vapours        Pois/Air       44%        N/A       8%          2
 Sublimation of Blood     Necr           22%        N/A       8%          2
 Wereblood                Tmut           22%        N/A       8%          2
 Borgnjor's Vile Clutch   Necr/Erth      30%        N/A       9%          5
 Ice Form                 Ice/Tmut       44%        N/A       12%         4
 Summon Ice Beast         Ice/Summ       44%        N/A       12%         4
 Dispersal                Tloc           35%        N/A       13%         6
 Call Canine Familiar     Summ           22%        N/A       14%         3
 Confusing Touch          Hex            22%        N/A       14%         3
 Spider Form              Tmut/Pois      22%        N/A       14%         3
 Summon Guardian Golem    Hex/Summ       22%        N/A       14%         3
 Tukima's Dance           Hex            22%        N/A       14%         3
 Vampiric Draining        Necr           22%        2d7       14%         3
 Summon Forest            Summ/Tloc      26%        N/A       17%         5
 Conjure Ball Lightning   Conj/Air       41%        3x3d13    26%         6
 Metabolic Englaciation   Hex/Ice        22%        N/A       30%         5
 Statue Form              Tmut/Erth      40%        N/A       38%         6
 Anguish                  Hex/Necr       11%        N/A       41%         4
 Corpse Rot               Necr/Pois/Air  22%        N/A       41%         4
 Dispel Undead            Necr           22%        3d12      41%         4
 Olgreb's Toxic Radiance  Pois           22%        N/A       41%         4
 Summon Mana Viper        Hex/Summ       22%        N/A       75%         5
 Yara's Violent Unravell  Hex/Tmut       11%        3d6       75%         5
 Simulacrum               Ice/Necr       22%        N/A       83%         6
 Ozocubu's Refrigeration  Ice            30%        4d14      90%         7
 Death Channel            Necr           11%        N/A       99%         6
 Eringya's Noxious Bog    Tmut/Pois      11%        N/A       99%         6
 Summon Cactus Giant      Summ           11%        N/A       99%         6
 Enfeeble                 Hex            11%        N/A       100%        7
 Summon Hydra             Summ           11%        N/A       100%        7
 Disjunction              Tloc           35%        N/A       99%         8
 Discord                  Hex            11%        N/A       100%        8
 Infestation              Necr           11%        N/A       100%        8
 Death's Door             Necr           11%        N/A       100%        9
 Fire Storm               Conj/Fire      54%        8d14      100%        9
 Shatter                  Erth           41%        3d32*     100%        9


Dungeon Overview and Level Annotations

Branches:
Dungeon (15/15)            Temple (1/1) D:6            Lair (5/5) D:10
  Swamp (4/4) Lair:3       Spider (4/4) Lair:3        Slime (0/5) Lair:5
    Orc (2/2) D:10            Elf (0/3) Orc:2        Vaults (1/5) D:14
 Depths (1/4) D:15          Sewer (visited)

Altars:
Ashenzari
Cheibriados
Dithmenos
Elyvilon
Fedhas
Gozag
Hepliaklqana
Kikubaaqudgha
Makhleb
Nemelex Xobeh
Okawaru
Qazlal
Ru
Sif Muna
Trog
Uskayaw
Vehumet
Wu Jian
Xom
Yredelemnul
Zin
The Shining One

Shops:
D:1 *   D:4 !   Orc:2 [[[!

Portals:
Hell: Depths:1
Pandemonium: Depths:1
Ziggurat: Depths:1
Trove: D:11 (give 17 potions of curing)

Annotations:
Lair:4 3 runed translucent doors, Aricsoirch's ghost, journeyman GrFi; Rupert
Orc:1 3 runed translucent doors, Agrostarius's ghost, novice HOFi


Innate Abilities, Weirdness & Mutations

Your dull iron-grey scales are very hard. (AC +15)
You are amphibious.
You cannot fit into any form of body armour.
You are cold-blooded and may be slowed by cold attacks.
You have sharp toenails.
Your skin changes colour to match your surroundings (Stealth+).
You possess an exceptional clarity of mind.
Your spells are a little harder to cast, but a little more powerful.


Message History

* * * LOW HITPOINT WARNING * * *
You closely miss the spriggan berserker.
The spriggan berserker is almost dead.
You miss the spriggan berserker.
Your tail-slap misses the spriggan berserker.
The spriggan berserker is almost dead.
The spriggan berserker hits you with a +0 quarterstaff.
* * * LOW HITPOINT WARNING * * *
You hit the spriggan berserker.
The spriggan berserker is almost dead.
The spriggan berserker completely misses you.
You hit the spriggan berserker!
You kill the spriggan berserker!
Sif Muna accepts your kill.
You start resting.
You feel a strong urge to attack something.
You start resting.
You feel your anger nearly subside.
You are no longer berserk.
You are exhausted.
You feel yourself slow down.
You start resting.
You feel yourself speed up.
You start resting.
You recover from your berserk rage.
You start resting.
A tengu reaver comes into view.
It is wielding a +0 dire flail and wearing a +2 scale mail of fire resistance.
The tengu reaver casts a spell at you. The bolt of lightning hits you.
You resist. The bolt of lightning misses you.
Things that are here:
+0 fire dragon scales; a fire dragon corpse
Casting: Stone Arrow (safe; 1% risk of failure)
Confirm with . or Enter, or press ? or * to list all spells.
Aiming: Iron Shot (dangerous; 2% risk of failure)
Press: ? - help, Shift-Dir - straight line, f - tengu reaver
Aim: a tengu reaver, wielding a +0 dire flail and wearing a +2 scale mail of fire resistance (63% to hit)
You feel a surge of power!
The iron shot hits the tengu reaver!!!
The tengu reaver is severely wounded.
The tengu reaver casts a spell at you. The bolt of cold hits you!!!
You die...

#.....#.......#
#.....#.......#
#...###.#######
#..##...#.....#
###.....#...###
##'##.##.###.##
#~~~#.........# .#
+~~~'.#..#....# .#
#~~~#.######@## ###.#
##+##.#.....[.# ####...#
.)#...#)..####?#..(.# . #
..... #.Q..#...#....## ..
.##.##.##...)#...#.....##..
..#.......)..)..........#.#
##...#+########.##.#........
..#.# # +....#........ #.#.#
#.######..#####.....#


You could see a tengu reaver.

Vanquished Creatures
  Mara (Swamp:4)
  2 tentacled monstrosities
  A sphinx (D:13)
  Kirke (Spider:4)
  Roxanne (Spider:1)
  A frost giant (Depths:1)
  3 emperor scorpions
  A vault warden (Vaults:1)
  Louise (D:15)
  4 ghost moths
  2 broodmothers (Spider:4)
  4 ironbound preservers (Vaults:1)
  An ironbound thunderhulk (Vaults:1)
  Nessos (D:14)
  3 bunyips
  2 entropy weavers
  2 eleionomae (Swamp:4)
  Snorg (Orc:1)
  3 spark wasps
  2 fire dragons
  2 shambling mangroves
  2 jiangshi (Depths:1)
  An ice dragon (Swamp:4)
  2 great orbs of eyes (Depths:1)
  Harold (D:11)
  20 hydras
  2 ghost crabs
  A rakshasa (D:15)
  5 boulder beetles
  8 centaur warriors
  A spriggan air mage (Swamp:1)
  A hell beast (Depths:1)
  3 jorogumos
  A death knight (D:13)
  5 ogre magi
  2 radroaches
  Erica (D:8)
  14 two-headed ogres
  4 alligators
  6 tengu warriors
  A spriggan berserker (Depths:1)
  An orc high priest (Orc:2)
  A deep troll earth mage (Depths:1)
  10 sun demons (Depths:1)
  A skeletal warrior (D:14)
  A salamander mystic (Depths:1)
  3 sun moths
  4 pharaoh ants
  3 goliath frogs
  7 orb spiders
  2 spriggan druids
  4 steelbarb worms
  6 deep trolls
  A deep elf archer (D:14)
  11 swamp dragons
  A glowing orange brain (D:15)
  2 ironbound convokers (Vaults:1)
  Pikel (D:6)
  2 bog bodies (Swamp:3)
  A phantasmal warrior (D:14)
  4 deep elf pyromancers
  A necromancer (Vaults:1)
  3 deep elf zephyrmancers (D:14)
  An oklob plant (Lair:2)
  14 wolf spiders
  3 salamanders (Depths:1)
  3 orc knights
  5 will-o-the-wisps
  16 ugly things
  2 manticores
  A fire giant skeleton (Vaults:1)
  A moth of wrath (Spider:3)
  5 cyclopes
  2 black mambas
  3 torpor snails
  A black mamba (shapeshifter) (D:13)
  2 rust devils (Depths:1)
  11 elephants
  20 cane toads
  Maggie (D:7)
  A centaur skeleton (D:14)
  5 gargoyles
  4 vault sentinels (Vaults:1)
  A hellion (Depths:1)
  An eye of devastation (Lair:5)
  3 rime drakes
  A yaktaur (D:13)
  2 efreet (D:13)
  2 kobold demonologists
  A freezing wraith (D:13)
  A yaktaur zombie (Vaults:1)
  7 demonic crawlers
  4 tengu conjurers
  2 ice devils (Depths:1)
  9 komodo dragons
  2 red devils (Depths:1)
  12 trolls
  2 bloated husks (Swamp:4)
  11 tyrant leeches
  A harpy skeleton (D:14)
  32 tarantellas
  11 hornets
  17 slime creatures
  3 polar bears
  9 meliai
  7 dream sheep (Lair:3)
  35 blink frogs
  A jumping spider (shapeshifter) (D:13)
  11 spriggans
  3 shadows
  27 jumping spiders
  A deep troll skeleton (Vaults:1)
  22 culicivoras
  28 yaks
  51 redbacks
  6 wraiths
  A chaos spawn (Depths:1)
  3 hogs (Spider:4)
  20 vampire mosquitoes
  5 basilisks
  3 wyverns
  A steam dragon (D:8)
  A neqoxec (Depths:1)
  2 wargs (Orc:2)
  24 swamp worms
  An acid dragon (D:13)
  A hell hound (Depths:1)
  13 water moccasins
  A floating eye (Lair:5)
  4 ice beasts
  8 swamp drakes
  3 black bears
  21 orc warriors
  A sky beast (D:6)
  35 ogres
  10 wolves
  A wolf (shapeshifter) (D:15)
  15 centaurs
  2 lemures (D:6)
  A phantom (D:5)
  4 kobold brigands
  18 bullfrogs
  7 scorpions
  2 necrophages (D:6)
  17 wights
  19 killer bees
  2 electric eels (Lair:3)
  9 howler monkeys
  2 crimson imps
  Crazy Yiuf (D:6)
  2 hounds (D:5)
  11 orc priests
  2 gnoll boudas
  An iron imp (D:9)
  3 iguanas
  29 orc wizards
  2 boggart skeletons (D:14)
  9 adders
  14 gnolls
  A shadow imp (D:9)
  4 white imps
  3 dart slugs
  87 orcs
  10 bats
  8 endoplasms
  6 giant cockroaches
  4 goblins
  5 hobgoblins
  4 quokkas
  3 ball pythons
  4 frilled lizards
  11 kobolds
  5 rats
1103 creatures vanquished.

Vanquished Creatures (collateral kills)
  A culicivora (Spider:1)
1 creature vanquished.

Vanquished Creatures (others)
  2 bloated husks
  A kobold brigand (D:9)
  A water moccasin zombie (Lair:2)
  11 foxfires
  26 fungi
  111 plants
152 creatures vanquished.

Grand Total: 1256 creatures vanquished

Notes
Turn   | Place    | Note
-------+----------+-------------------------------------------
     0 | D:1      | vaultlich the Draconian Conjurer began the quest for the
                  | Orb.
     0 | D:1      | Reached XP level 1. HP: 14/14 MP: 3/3
   332 | D:1      | Found Ocvosy's General Store.
   337 | D:1      | Reached XP level 2. HP: 20/20 MP: 3/5
  1093 | D:1      | Found a faded altar of an unknown god.
  1416 | D:2      | Reached XP level 3. HP: 26/26 MP: 5/7
  1419 | D:2      | Learned a level 2 spell: Searing Ray
  2268 | D:2      | Found a radiant altar of Vehumet.
  2533 | D:3      | Found a sparkling altar of Nemelex Xobeh.
  2740 | D:3      | Reached XP level 4. HP: 33/33 MP: 3/8
  2775 | D:3      | Reached skill level 5 in Conjurations
  3064 | D:3      | Identified the +7 spear "Qiliy" {spect, Contam rElec Dex+3
                  | Stlth+}
  3071 | D:3      | Reached XP level 5. HP: 29/38 MP: 4/10
  3457 | D:3      | Found a basalt altar of Yredelemnul.
  3784 | D:4      | Reached XP level 6. HP: 45/45 MP: 12/12
  3862 | D:4      | Found a broken altar of Ashenzari.
  3894 | D:4      | Found a white marble altar of Elyvilon.
  3894 | D:4      | Found a glowing golden altar of the Shining One.
  3894 | D:4      | Found a glowing silver altar of Zin.
  4187 | D:4      | Found Ducvoi's Distillery.
  4195 | D:4      | Bought a potion of mutation for 88 gold pieces
  4195 | D:4      | Gained mutation: You have sharp toenails. [potion of
                  | mutation]
  4195 | D:4      | Gained mutation: You have hidden genetic potential. [potion
                  | of mutation]
  4195 | D:4      | Gained mutation: You possess an exceptional clarity of
                  | mind. [potion of mutation]
  4547 | D:5      | Entered Level 5 of the Dungeon
  4557 | D:5      | Noticed a water moccasin
  4563 | D:5      | Killed a water moccasin
  4564 | D:5      | Reached skill level 6 in Conjurations
  4753 | D:5      | Reached skill level 5 in Spellcasting
  4793 | D:5      | Found a glowing drain.
  4802 | Sewer    | Entered a sewer
  4830 | Sewer    | Noticed a water moccasin
  4834 | Sewer    | Killed a water moccasin
  4835 | Sewer    | Your scales start taking on a dull iron-grey colour.
  4835 | Sewer    | Reached XP level 7. HP: 50/50 MP: 14/14
  4855 | Sewer    | Gained mutation: Your spells are a little harder to cast,
                  | but a little more powerful. [hidden potential]
  5049 | D:5      | Reached skill level 7 in Conjurations
  5544 | D:5      | Learned a level 2 spell: Passwall
  5549 | D:5      | Learned a level 4 spell: Iskenderun's Mystic Blast
  5608 | D:6      | Noticed Pikel
  5632 | D:6      | Reached skill level 1 in Translocations
  5638 | D:6      | Killed Pikel
  5639 | D:6      | Reached skill level 8 in Conjurations
  5639 | D:6      | Reached XP level 8. HP: 52/57 MP: 17/17
  5656 | D:6      | Gained mutation: Your skin changes colour to match your
                  | surroundings (Stealth+). [hidden potential]
  5656 | D:6      | Lost mutation: You have hidden genetic potential. [hidden
                  | potential expressed]
  5933 | D:6      | Reached XP level 9. HP: 38/57 MP: 19/19
  6270 | D:6      | Found a shimmering altar of Xom.
  6270 | D:6      | Found a hide-covered altar of Uskayaw.
  6324 | D:6      | Reached skill level 9 in Conjurations
  6434 | D:6      | Found a staircase to the Ecumenical Temple.
  6622 | D:6      | Found a runed translucent door.
  6623 | D:6      | Noticed Crazy Yiuf
  6712 | D:6      | Killed Crazy Yiuf
  6713 | D:6      | Reached skill level 5 in Translocations
  6741 | Temple   | Entered the Ecumenical Temple
  6774 | Temple   | Became a worshipper of Sif Muna the Loreminder
  6898 | D:7      | Learned a level 3 spell: Stone Arrow
  6917 | D:7      | Reached skill level 1 in Earth Magic
  7646 | D:7      | Reached * piety under Sif Muna
  7810 | D:7      | Noticed Maggie
  7811 | D:7      | Identified the +4 chain mail of Ivol {Harm rF+++ Will-
                  | Dex-3}
  7821 | D:7      | Killed Maggie
  8110 | D:8      | Reached XP level 10. HP: 69/69 MP: 22/22
  8150 | D:8      | Noticed a cyclops
  8162 | D:8      | Killed a cyclops
  8457 | D:8      | Noticed Erica
  8467 | D:8      | Killed Erica
  8468 | D:8      | Reached skill level 10 in Conjurations
  8552 | D:8      | Found a blossoming altar of Fedhas.
  8592 | D:8      | Reached skill level 5 in Earth Magic
  8653 | D:8      | Identified the +8 sling "Ygielit" {vorpal, Drain rElec rF+
                  | Dex+2}
  8882 | D:8      | Found a runed translucent door.
  8933 | D:8      | Reached ** piety under Sif Muna
  9045 | D:8      | Learned a level 4 spell: Hailstorm
  9450 | D:9      | Found a stormy altar of Qazlal.
  9488 | D:9      | Reached skill level 1 in Ice Magic
  9804 | D:9      | Noticed a deep elf pyromancer
  9813 | D:9      | Killed a deep elf pyromancer
  9922 | D:9      | Noticed a deep elf pyromancer
  9925 | D:9      | Killed a deep elf pyromancer
  9945 | D:9      | Identified a scroll of acquirement
  9946 | D:9      | Acquired the Octavo of the Tesseract and Bewitchment
 10054 | D:9      | Found a bloodstained altar of Trog.
 10075 | D:9      | Reached *** piety under Sif Muna
 10087 | D:9      | Reached XP level 11. HP: 34/74 MP: 24/24
 10380 | D:9      | Identified the amulet "Cusoh" {Faith rElec rN+ Str+4}
 10851 | D:9      | Found a hazy altar of Hepliaklqana.
 10988 | D:10     | Entered Level 10 of the Dungeon
 10988 | D:10     | Found a staircase to the Lair.
 11071 | D:10     | Identified the ring of Xuablax {rPois Stlth+}
 11362 | D:10     | Noticed a two-headed ogre
 11365 | D:10     | Killed a two-headed ogre
 11366 | D:10     | Reached skill level 11 in Conjurations
 11408 | D:10     | Found an opulent altar of Gozag.
 12278 | D:10     | Found a staircase to the Orcish Mines.
 12287 | D:10     | Reached **** piety under Sif Muna
 12522 | Lair:1   | Entered Level 1 of the Lair of Beasts
 12587 | Lair:1   | Noticed a four-headed hydra
 12599 | Lair:1   | Killed a four-headed hydra
 12600 | Lair:1   | Reached skill level 10 in Spellcasting
 12846 | Lair:1   | Reached skill level 5 in Ice Magic
 14490 | Lair:2   | Noticed an oklob plant
 14622 | Lair:2   | Killed an oklob plant
 14759 | Lair:2   | Reached XP level 12. HP: 81/81 MP: 17/26
 15768 | Lair:2   | Reached skill level 12 in Conjurations
 16140 | Lair:3   | Noticed a seven-headed hydra
 16145 | Lair:3   | Killed a seven-headed hydra
 16271 | Lair:3   | Reached skill level 10 in Translocations
 16381 | Lair:3   | Reached skill level 1 in Fighting
 16592 | Lair:3   | Reached ***** piety under Sif Muna
 17386 | Lair:3   | Found a hole to the Spider Nest.
 17397 | Lair:3   | Received a gift from Sif Muna
 17398 | Lair:3   | Got Tougat's Handbook of Kinetic Coordinates {god gift}
 17627 | Lair:3   | Found a staircase to the Swamp.
 17993 | Lair:4   | Found a runed translucent gate.
 18108 | Lair:4   | Found a runed translucent gate.
 18184 | Lair:4   | Found a runed translucent gate.
 18613 | Lair:4   | Noticed Rupert
 19076 | Lair:4   | Noticed a boulder beetle
 19597 | Orc:1    | Entered Level 1 of the Orcish Mines
 19615 | Orc:1    | Reached XP level 13. HP: 99/99 MP: 22/27
 19779 | Orc:1    | Found a runed translucent gate.
 19779 | Orc:1    | Found a runed translucent gate.
 19781 | Orc:1    | Reached skill level 5 in Stealth
 19781 | Orc:1    | Found a runed translucent gate.
 19782 | Orc:1    | Noticed Agrostarius's ghost (novice HOFi)
 19786 | Orc:1    | Reached skill level 5 in Fighting
 20262 | Orc:1    | Noticed Snorg
 20273 | Orc:1    | Killed Snorg
 20823 | Orc:2    | Entered Level 2 of the Orcish Mines
 20835 | Orc:2    | Found a flickering gateway to a bazaar.
 20840 | Bazaar   | Entered a bazaar
 20840 | Bazaar   | Found Uhemoel's Armour Emporium.
 20841 | Bazaar   | Found Oduysay's Jewellery Emporium.
 20896 | Bazaar   | Found Hebal's Distillery.
 20897 | Bazaar   | Found Kiedaeri's Assorted Antiques.
 20915 | Bazaar   | Found Olicwoeng's Assorted Antiques.
 20921 | Bazaar   | Bought a potion of heal wounds for 135 gold pieces
 20921 | Bazaar   | Bought 2 potions of heal wounds for 270 gold pieces
 21099 | Orc:2    | Reached skill level 5 in Dodging
 21267 | Orc:2    | Found a staircase to the Elven Halls.
 21723 | Orc:2    | Received a gift from Sif Muna
 21726 | Orc:2    | Got Sif Muna's Guidebook on Kindling and Misery {god gift}
 22145 | Orc:1    | Learned a level 3 spell: Frozen Ramparts
 22149 | Orc:1    | Learned a level 3 spell: Gell's Gravitas
 22154 | Orc:1    | Learned a level 4 spell: Flame Wave
 22344 | Orc:2    | Reached skill level 1 in Fire Magic
 23012 | Orc:2    | Reached skill level 1 in Invocations
 23581 | Orc:2    | Found Eheth's Armour Emporium.
 23581 | Orc:2    | Found Qaethror's Distillery.
 23582 | Orc:2    | Found Xagyusag's Antique Armour Boutique.
 23582 | Orc:2    | Found Zinkyurgh's Armour Emporium.
 23599 | Orc:2    | Bought a potion of heal wounds for 75 gold pieces
 23599 | Orc:2    | Bought a potion of curing for 45 gold pieces
 23599 | Orc:2    | Bought a potion of curing for 45 gold pieces
 23599 | Orc:2    | Bought a potion of curing for 45 gold pieces
 23599 | Orc:2    | Bought a potion of haste for 150 gold pieces
 25081 | Lair:4   | Noticed Aricsoirch's ghost (journeyman GrFi)
 25145 | Lair:5   | Entered Level 5 of the Lair of Beasts
 25270 | Lair:5   | Reached XP level 14. HP: 53/111 MP: 4/28
 25409 | Lair:5   | Received a gift from Sif Muna
 25410 | Lair:5   | Got Sif Muna's Codex of Combat Magic {god gift}
 25417 | Lair:5   | Learned a level 5 spell: Iskenderun's Battlesphere
 26001 | Lair:5   | Reached skill level 5 in Fire Magic
 26001 | Lair:5   | Reached skill level 5 in Invocations
 27281 | Lair:5   | Found a staircase to the Slime Pits.
 27290 | Lair:5   | Received a gift from Sif Muna
 27291 | Lair:5   | Got Sem Cergh's Directory of Mercurial Blasting {god gift}
 27306 | Lair:5   | Learned a level 5 spell: Fireball
 28793 | Swamp:1  | Entered Level 1 of the Swamp
 29121 | D:11     | Noticed Harold
 29127 | D:11     | Killed Harold
 29444 | D:11     | Found a portal to a secret trove of treasure.
 29833 | D:4      | Bought a potion of curing for 33 gold pieces
 32273 | D:13     | Reached XP level 15. HP: 80/117 MP: 10/30
 32462 | D:13     | Reached skill level 1 in Staves
 33084 | D:13     | Noticed a sphinx
 33348 | D:13     | Killed a sphinx
 34666 | D:14     | Received a gift from Sif Muna
 34676 | D:14     | Got Laceboyw's Compilation of Silt and Conflagration {god
                  | gift}
 34849 | D:14     | Noticed Nessos
 34862 | D:14     | Killed Nessos
 35008 | D:14     | Found a glowing golden altar of the Shining One.
 36252 | D:14     | Found a gate to the Vaults.
 36595 | D:14     | Found an ornate altar of the Wu Jian Council.
 36938 | D:15     | Entered Level 15 of the Dungeon
 37158 | Swamp:1  | Got the Meditations on the Coward
 38449 | Swamp:2  | Reached skill level 5 in Staves
 38456 | Swamp:2  | Learned a level 6 spell: Iron Shot
 39144 | Swamp:2  | Received a gift from Sif Muna
 39151 | Swamp:2  | Got Sif Muna's Essays on Hexes {god gift}
 39169 | Swamp:1  | Reached skill level 13 in Conjurations
 39169 | Swamp:1  | Reached XP level 16. HP: 30/124 MP: 10/32
 40241 | Swamp:2  | Reached XP level 17. HP: 130/130 MP: 17/33
 40494 | Swamp:3  | Reached skill level 10 in Fire Magic
 41273 | Swamp:3  | Noticed a tentacled monstrosity
 41286 | Swamp:3  | Killed a tentacled monstrosity
 41684 | Swamp:4  | Entered Level 4 of the Swamp
 41845 | Swamp:4  | Noticed Mara
 41918 | Swamp:4  | Noticed vaultlich's illusion
 41924 | Swamp:4  | Killed Mara
 42209 | Swamp:4  | Noticed a tentacled monstrosity
 42290 | Swamp:4  | Killed a tentacled monstrosity
 42881 | Swamp:4  | Reached skill level 14 in Conjurations
 43064 | Swamp:4  | Received a gift from Sif Muna
 43065 | Swamp:4  | Got Sif Muna's Octavo of Crystalline Mortification {god
                  | gift}
 43645 | Swamp:4  | Identified the +1 leather armour "Qokloaj" {+Inv rElec
                  | Regen+ Dex-4}
 44042 | Swamp:4  | Got a decaying rune of Zot
 44292 | Spider:1 | Entered Level 1 of the Spider Nest
 44515 | Spider:1 | Reached skill level 10 in Earth Magic
 44766 | Spider:1 | Noticed Roxanne
 44774 | Spider:1 | Killed Roxanne
 47703 | D:15     | Received a gift from Sif Muna
 47704 | D:15     | Got Sif Muna's Disquisition on the Arsonist and Graupel
                  | {god gift}
 47973 | D:15     | Noticed Louise
 47983 | D:15     | Killed Louise
 49248 | D:15     | Found a staircase to the Depths.
 49693 | Spider:2 | Reached XP level 18. HP: 135/137 MP: 20/35
 51175 | Spider:2 | Reached skill level 15 in Conjurations
 52750 | Spider:3 | Received a gift from Sif Muna
 52758 | Spider:3 | Got Sif Muna's Incunabulum of Ruinous Jinxing {god gift}
 55052 | Spider:4 | Entered Level 4 of the Spider Nest
 56622 | Spider:4 | Noticed Kirke
 56628 | Spider:4 | Received a gift from Sif Muna
 56660 | Spider:4 | Killed Kirke
 57994 | Spider:4 | Got a gossamer rune of Zot
 58322 | Vaults:1 | Entered Level 1 of the Vaults
 59560 | Depths:1 | Entered Level 1 of the Depths
 59566 | Depths:1 | Reached skill level 16 in Conjurations
 59692 | Depths:1 | Reached XP level 19. HP: 143/143 MP: 7/37
 59819 | Depths:1 | Found a one-way gateway to a ziggurat.
 60074 | Depths:1 | Found a one-way gate leading to the halls of Pandemonium.
 60292 | Depths:1 | Paralysed by a great orb of eyes for 2 turns
 60403 | Depths:1 | Found a gateway to Hell.
 60949 | Depths:1 | Killed from afar by a tengu reaver

Illustrated notes

Levels and vault maps discovered:
D:1:      saegor_arrival_miasma, layout_loops_ring, serial_shops,
          nicolae_shop_hallway_plus, chequers_ecumenical_altar_lobes,
          minmay_hedge_maze
D:2:      layout_basic, basic_altar
D:3:      layout_loops_cross, mainiacjoe_overflow_brackets, lemuel_round_altar
D:4:      layout_basic, good_gods_mini_temple, ashenzari_altar_1, serial_shops,
          nicolae_shop_trees, chequers_serial_rivers_small_3
D:5:      layout_cave_pools, cheibrodos_sewer_entry_drain
D:6:      layout_cave_pools, jmf_multi_god_temple, minmay_temple_entry_waves,
          chequers_serial_rivers_micro_b, uniq_crazy_yiuf_cottage, uniq_pikel
D:7:      layout_layer_cave, kennysheep_cross_bottleneck, uniq_maggie
D:8:      layout_cave_pools, lemuel_round_altar, lightli_church_of_beogh,
          uniq_erica
D:9:      layout_long_grid, nicolae_overflow_crystal_walls, bloody_trog,
          mainiacjoe_overflow_alcove_4, hangedman_minor_magic
D:10:     layout_basic, grunt_gozag_statues, lair_entry_dummy,
          minmay_orc_entry_temple_small
D:11:     layout_basic, enter_trove_2, uniq_harold
D:12:     layout_rooms, grunt_ministairs_13
D:13:     nicolae_hexawheel, layout_cave_pods
D:14:     layout_small_grid, hangedman_vaults_entry_quadrant_bands,
          lemuel_tele_altar, tso_metal_star, uniq_nessos
D:15:     gammafunk_enter_depths_forms, layout_basic,
          minmay_misc_feat_four_crosses, uniq_louise
Temple:   jpeg_temple_island
Lair:1:   layout_hall_layers
Lair:2:   layout_loops_ring
Lair:3:   layout_cave_pods, minmay_swamp_entry_worms,
          nicolae_spider_entry_non_spiders, serial_bayou_shore_a,
          serial_bayou_shore_b, grunt_megastairs_5
Lair:4:   layout_cave_pods, gammafunk_ghost_icy, beast_lair_carwin_5,
          lemuel_fruit_tree, uniq_rupert
Lair:5:   minmay_lair_end_frog_pond, layout_regular_city,
          minmay_slime_entry_eyes
Swamp:1:  layout_basic_swamp, evilmike_swamp_ruin_house_1, swamp_pool1
Swamp:2:  layout_basic_swamp, evilmike_swamp_ruin_rubble_1
Swamp:3:  layout_basic_swamp, evilmike_swamp_ruin_rubble_2,
          infiniplex_staircase_pool_2
Swamp:4:  swamp, layout_basic_swamp, uniq_mara
Spider:1: layout_chambers, uniq_roxanne
Spider:2: layout_chambers
Spider:3: layout_chambers, hangedman_spider_tarantella_strand
Spider:4: guppyfry_spider_rune, uniq_kirke
Orc:1:    layout_caves, gammafunk_ghost_split, guppyfry_library_mini, uniq_snorg
Orc:2:    st_orc_ogre_mass, layout_caves, serial_shops, bzr_entry_road,
          dreamdust_deal_with_the_devil, kennysheep_orc_chapel
Vaults:1: v_misc_32, nicolae_vaults_halls_meeting,
          nicolae_vaults_disjoint_gnomons, v_rooms_6,
          nicolae_vaults_network_periphery, grunt_vaults_funnel,
          ontoclasm_vaults_spin, nicolae_vaults_rhombus_6,
          layout_vaults_big_cross
Depths:1: layout_honeycomb, enter_ziggurat_a,
          nicolae_hell_entry_hellmouth_sunbeams, grunt_pan_entry_spiral,
          hangedman_decor_diamond_cutter, chequers_serial_rivers_room_a,
          minmay_liquid_box, minmay_fire_ice_demons

Skill      XL: |  1  2  3  4  5  6  7  8  9 10 11 12 13 14 15 16 17 18 |
---------------+-------------------------------------------------------+-----
Spellcasting   | 3 4 5 6 7 8 9 10 11 12 13 14 | 14.4
Conjurations   | 5 6 8 9 10 11 12 13 14 16 | 16.2
Translocations | 2 4 6 7 9 10 | 10.0
Earth Magic    | 3 5 7 10 13 | 13.6
Ice Magic      | 3 5 6 |  6.9
Dodging        | 4 7 |  7.3
Stealth        | 4 7 8 |  8.9
Fighting       | 4 6 |  6.7
Fire Magic     | 4 7 9 11 13 | 13.7
Invocations    | 4 8 9 |  9.3
Staves         | 5 8 |  8.1

Action                   |  1- 3 |  4- 6 |  7- 9 | 10-12 | 13-15 | 16-18 | 19-21 || total
-------------------------+-------+-------+-------+-------+-------+-------+-------++-------
Melee: Unarmed           |    48 |    13 |       |       |       |    17 |       ||    78
       Tailslap          |     7 |     4 |    12 |    41 |    33 |    38 |     6 ||   141
       Spear             |       |    52 |   135 |   199 |       |       |       ||   386
       Kick              |       |     1 |       |       |       |       |       ||     1
       Punch             |       |       |       |     2 |     1 |     9 |     1 ||    13
       Quick blade       |       |       |       |   120 |    60 |       |       ||   180
       Staff             |       |       |       |       |    99 |   186 |    24 ||   309
Throw: Throwing net      |       |       |       |       |     2 |       |       ||     2
 Cast: Magic Dart        |    78 |     9 |     5 |     5 |     3 |       |       ||   100
       Searing Ray       |       |     6 |     6 |     1 |       |       |       ||    13
       Passwall          |       |       |     2 |     1 |       |     2 |       ||     5
       Stone Arrow       |       |       |     5 |   203 |   622 |   309 |    33 ||  1172
       Hailstorm         |       |       |       |    26 |    15 |    13 |     3 ||    57
       Iskenderun's Myst |       |       |       |     4 |    11 |    38 |     9 ||    62
       Frozen Ramparts   |       |       |       |       |    25 |    39 |     8 ||    72
       Flame Wave        |       |       |       |       |    15 |     9 |     1 ||    25
       Gell's Gravitas   |       |       |       |       |     1 |     4 |       ||     5
       Fireball          |       |       |       |       |    54 |    82 |     6 ||   142
       Iskenderun's Batt |       |       |       |       |     6 |       |       ||     6
       Iron Shot         |       |       |       |       |    10 |   181 |    17 ||   208
Invok: Channel Magic     |       |       |       |       |     8 |    16 |     2 ||    26
       Forget Spell      |       |       |       |       |     1 |       |       ||     1
Evoke: Wand              |       |       |       |     6 |     4 |    11 |       ||    21
  Use: Potion            |       |     2 |       |     7 |     4 |     6 |     1 ||    20
       Scroll            |       |       |       |    27 |    19 |    16 |     1 ||    63
 Stab: Sleeping          |       |    12 |     9 |    18 |     1 |       |       ||    40
       Distracted        |       |       |     2 |     1 |       |       |       ||     3
Armor: Skin              |    14 |    18 |    35 |   188 |   267 |   456 |    36 ||  1014
Dodge: Dodged            |    40 |    28 |    50 |   215 |   448 |   414 |    31 ||  1226
Block: Other             |       |       |    31 |    39 |       |       |       ||    70
       Reflection        |       |       |       |     3 |       |       |       ||     3
